TOP OF THE 1ST |
BlackIron Dragons batting - Pitching for Salem Silver Souls : LHP Pat Candelária
|
Pitching: LHP Pat Candelária
|
|
Batting: RHB Alfredo Rangel
|
0-0: Called Strike 0-1: Foul Ball, location: 2F 0-2: Ball 1-2: Foul Ball, location: 2F 1-2: Strikes out swinging
|
Batting: RHB Brian Jackson
|
0-0: Ball 1-0: Ball 2-0: SINGLE (Groundball, 34D)
|
Batting: RHB Gil Palmer
|
0-0: Reached on error, E6 (Groundball, 6) Brian Jackson to second
|
Batting: RHB Boyd Pittman
|
0-0: Ball 1-0: Ball 2-0: Ball 3-0: Called Strike 3-1: Foul Ball, location: 2F 3-2: Foul Ball, location: 2F 3-2: Base on Balls Brian Jackson to third Gil Palmer to second
|
Batting: RHB Leroy Jamison
|
0-0: Swinging Strike 0-1: Foul Ball, location: 2F 0-2: Strikes out swinging
|
Batting: LHB Culley Vaughan
|
0-0: Ball 1-0: Ball 2-0: Ball 3-0: Base on Balls Brian Jackson scores Gil Palmer to third Boyd Pittman to second
|
Batting: LHB Donnie Cunningham
|
0-0: Reached on error, E5 (Groundball, 5L) Gil Palmer scores Boyd Pittman scores Culley Vaughan to third
|
Batting: LHB Leonard Young
|
0-0: Foul Ball, location: 2F 0-1: Ball 1-1: Called Strike 1-2: Foul Ball, location: 2F 1-2: Foul Ball, location: 2F 1-2: Ground out 5-3 (Groundball, 15S)
|
Top of the 1st over - 3 run(s), 1 hit(s), 2 error(s), 2 left on base; BlackIron 3 - Salem 0 |
BOTTOM OF THE 1ST |
Salem Silver Souls batting - Pitching for BlackIron Dragons : RHP Johnathan McJannett
|
Pitching: RHP Johnathan McJannett
|
|
Batting: RHB Alejandro Martínez
|
0-0: Ground out 4-3 (Groundball, 4M)
|
Batting: RHB Juan Vareas
|
0-0: Fly out, F3 (Popup, 3L)
|
Batting: RHB Félix García
|
0-0: Ball 1-0: Ball 2-0: Ball 3-0: Base on Balls
|
Batting: LHB Jeff McKinney
|
0-0: Ball 1-0: DOUBLE (Line Drive, 9LS) Félix García to third Runner from 3rd tries for Home, SAFE, no throw or cutoff
|
Pinch Runner at 2nd Raúl Cordero:
|
|
Batting: SHB Todd Smith
|
0-0: Called Strike 0-1: DOUBLE (Flyball, 89XD) Raúl Cordero scores
|
Batting: SHB Francis Shaffer
|
0-0: Fly out, F8 (Flyball, 8LM)
|
Bottom of the 1st over - 2 run(s), 2 hit(s), 0 error(s), 1 left on base; BlackIron 3 - Salem 2 |
TOP OF THE 2ND |
BlackIron Dragons batting - Pitching for Salem Silver Souls : LHP Pat Candelária
|
Batting: RHB Edgardo Carrasco
|
0-0: Called Strike 0-1: Hit by Pitch
|
Batting: RHB Alfredo Rangel
|
0-0: Called Strike 0-1: Called Strike 0-2: Ball 1-2: SINGLE (Groundball, 4MD) Edgardo Carrasco to second
|
Batting: RHB Brian Jackson
|
0-0: Called Strike 0-1: Foul Ball, location: 2F 0-2: Strikes out swinging
|
Batting: RHB Gil Palmer
|
0-0: Called Strike 0-1: Foul Ball, location: 2F 0-2: Strikes out looking
|
Batting: RHB Boyd Pittman
|
0-0: Ball 1-0: Ball 2-0: Ball 3-0: Called Strike 3-1: Called Strike 3-2: Base on Balls Edgardo Carrasco to third Alfredo Rangel to second
|
Batting: RHB Leroy Jamison
|
0-0: Ball 1-0: Ground out 5-3 (Groundball, 5)
|
Top of the 2nd over - 0 run(s), 1 hit(s), 0 error(s), 3 left on base; BlackIron 3 - Salem 2 |
BOTTOM OF THE 2ND |
Salem Silver Souls batting - Pitching for BlackIron Dragons : RHP Johnathan McJannett
|
Batting: LHB Jeff Doss
|
0-0: Ball 1-0: Called Strike 1-1: Ball 2-1: Ball 3-1: Swinging Strike 3-2: Foul Ball, location: 2F 3-2: Foul Ball, location: 2F 3-2: Fly out, F3 (Popup, 3F)
|
Batting: LHB Bill Smith
|
0-0: Ball 1-0: Foul Ball, location: 2F 1-1: Swinging Strike 1-2: Strikes out swinging
|
Batting: LHB Ezechiele Bruno
|
0-0: Ball 1-0: Foul Ball, location: 2F 1-1: Bunt missed! 1-2: Ball 2-2: Ground out 6-3 (Groundball, 6)
|
Bottom of the 2nd over - 0 run(s), 0 hit(s), 0 error(s), 0 left on base; BlackIron 3 - Salem 2 |
TOP OF THE 3RD |
BlackIron Dragons batting - Pitching for Salem Silver Souls : LHP Pat Candelária
|
Batting: LHB Culley Vaughan
|
0-0: Called Strike 0-1: Swinging Strike 0-2: Ball 1-2: Ball 2-2: Ball 3-2: Strikes out swinging
|
Batting: LHB Donnie Cunningham
|
0-0: Ball 1-0: Swinging Strike 1-1: DOUBLE (Line Drive, 8RS)
|
Batting: LHB Leonard Young
|
0-0: Ground out U3 (Groundball, 3) Donnie Cunningham to third
|
Batting: RHB Edgardo Carrasco
|
0-0: Ball 1-0: Ball 2-0: Foul Ball, location: 2F 2-1: Ball 3-1: Foul Ball, location: 2F 3-2: Strikes out swinging
|
Top of the 3rd over - 0 run(s), 1 hit(s), 0 error(s), 1 left on base; BlackIron 3 - Salem 2 |
BOTTOM OF THE 3RD |
Salem Silver Souls batting - Pitching for BlackIron Dragons : RHP Johnathan McJannett
|
Batting: RHB Alejandro Martínez
|
0-0: Ball 1-0: Ball 2-0: Called Strike 2-1: Foul Ball, location: 2F 2-2: Strikes out swinging
|
Batting: RHB Juan Vareas
|
0-0: Ball 1-0: Fly out, F9 (Flyball, 9LMF)
|
Batting: RHB Félix García
|
0-0: Reached on error, E5 (Groundball, 56)
|
Batting: LHB Raúl Cordero
|
0-0: Called Strike Félix García steals 2nd base 0-1: Ball 1-1: Ball 2-1: Ball 3-1: Foul Ball, location: 2F 3-2: DOUBLE (Flyball, 8RXD) Félix García scores
|
Batting: SHB Todd Smith
|
0-0: Ball 1-0: Called Strike 1-1: Ball 2-1: Ground out 5-3 (Groundball, 56S)
|
Bottom of the 3rd over - 1 run(s), 1 hit(s), 1 error(s), 1 left on base; BlackIron 3 - Salem 3 |
TOP OF THE 4TH |
BlackIron Dragons batting - Pitching for Salem Silver Souls : LHP Pat Candelária
|
Batting: RHB Alfredo Rangel
|
0-0: Called Strike 0-1: Ball 1-1: Ball 2-1: Ball 3-1: Foul Ball, location: 2F 3-2: Strikes out looking
|
Batting: RHB Brian Jackson
|
0-0: Ball 1-0: Called Strike 1-1: Swinging Strike 1-2: Ball 2-2: Foul Ball, location: 2F 2-2: Ground out U3 (Groundball, 3)
|
Batting: RHB Gil Palmer
|
0-0: Foul Ball, location: 2F 0-1: Ball 1-1: Called Strike 1-2: Ball 2-2: Strikes out swinging
|
Top of the 4th over - 0 run(s), 0 hit(s), 0 error(s), 0 left on base; BlackIron 3 - Salem 3 |
BOTTOM OF THE 4TH |
Salem Silver Souls batting - Pitching for BlackIron Dragons : RHP Johnathan McJannett
|
Batting: SHB Francis Shaffer
|
0-0: Swinging Strike 0-1: Ball 1-1: Called Strike 1-2: Foul Ball, location: 2F 1-2: SINGLE (Line Drive, 78M)
|
Batting: LHB Jeff Doss
|
0-0: Ball 1-0: Foul Ball, location: 2F 1-1: Foul Ball, location: 2F 1-2: Ball 2-2: Foul Ball, location: 2F 2-2: Foul Ball, location: 2F 2-2: Ball 3-2: Strikes out swinging
|
Batting: LHB Bill Smith
|
0-0: Ball 1-0: Ball 2-0: Ball 3-0: Called Strike 3-1: Foul Ball, location: 2F 3-2: SINGLE (Line Drive, 4MD) Francis Shaffer to second Francis Shaffer to third
|
Batting: LHB Ezechiele Bruno
|
0-0: Ball 1-0: Swinging Strike 1-1: Ball 2-1: Foul Ball, location: 2F 2-2: Ball 3-2: SINGLE (Groundball, 4M) Francis Shaffer scores Bill Smith to second Runner from 2nd tries for 3rd, OUT! Ezechiele Bruno to second
|
Batting: RHB Alejandro Martínez
|
0-0: Ground out 6-3 (Groundball, 6M)
|
Bottom of the 4th over - 1 run(s), 3 hit(s), 0 error(s), 1 left on base; BlackIron 3 - Salem 4 |
TOP OF THE 5TH |
BlackIron Dragons batting - Pitching for Salem Silver Souls : LHP Pat Candelária
|
Pitching: LHP Francisco Nieto
|
|
Batting: RHB Boyd Pittman
|
0-0: Ball 1-0: Called Strike 1-1: Ball 2-1: Ball 3-1: Base on Balls
|
Batting: RHB Leroy Jamison
|
0-0: Ball 1-0: Ball 2-0: Foul Ball, location: 2F 2-1: Ball 3-1: Foul Ball, location: 2F 3-2: SINGLE (Groundball, 6MD) Boyd Pittman to second
|
Batting: LHB Culley Vaughan
|
0-0: Called Strike Boyd Pittman steals 3rd base Leroy Jamison to second 0-1: Foul Ball, location: 2F 0-2: Strikes out looking
|
Batting: LHB Donnie Cunningham
|
0-0: Ball 1-0: Called Strike 1-1: Foul Ball, location: 2F 1-2: Ball 2-2: Ground out 4-3 (Groundball, 4) Boyd Pittman scores Leroy Jamison to third
|
Batting: LHB Leonard Young
|
0-0: Ball 1-0: Foul Ball, location: 2F 1-1: Swinging Strike 1-2: Ball 2-2: Strikes out swinging
|
Top of the 5th over - 1 run(s), 1 hit(s), 0 error(s), 1 left on base; BlackIron 4 - Salem 4 |
BOTTOM OF THE 5TH |
Salem Silver Souls batting - Pitching for BlackIron Dragons : RHP Johnathan McJannett
|
Batting: RHB Juan Vareas
|
0-0: Ball 1-0: Ball 2-0: Foul Ball, location: 2F 2-1: Called Strike 2-2: Ball 3-2: Foul Ball, location: 2F 3-2: Base on Balls
|
Pitching: RHP Bret McJannett
|
|
Batting: RHB Félix García
|
0-0: Called Strike 0-1: Ball 1-1: Ball 2-1: Swinging Strike 2-2: Ball 3-2: Strikes out looking
|
Batting: LHB Raúl Cordero
|
0-0: Called Strike 0-1: Called Strike 0-2: Ball 1-2: Grounds into double play, 1-6-3 (Groundball, 15)
|
Bottom of the 5th over - 0 run(s), 0 hit(s), 0 error(s), 0 left on base; BlackIron 4 - Salem 4 |
TOP OF THE 6TH |
BlackIron Dragons batting - Pitching for Salem Silver Souls : LHP Francisco Nieto
|
Batting: RHB Edgardo Carrasco
|
0-0: Swinging Strike 0-1: Ball 1-1: Ball 2-1: Ball 3-1: Fly out, F9 (Flyball, 89M)
|
Batting: RHB Alfredo Rangel
|
0-0: Fly out, F3 (Line Drive, 34S)
|
Batting: RHB Brian Jackson
|
0-0: Ball 1-0: Foul Ball, location: 2F 1-1: Ball 2-1: Called Strike 2-2: Foul Ball, location: 2F 2-2: Ball 3-2: Fly out, F4 (Popup, 4M)
|
Top of the 6th over - 0 run(s), 0 hit(s), 0 error(s), 0 left on base; BlackIron 4 - Salem 4 |
BOTTOM OF THE 6TH |
Salem Silver Souls batting - Pitching for BlackIron Dragons : RHP Bret McJannett
|
Batting: SHB Todd Smith
|
0-0: Ball 1-0: Called Strike 1-1: Ball 2-1: Ball 3-1: Base on Balls
|
Batting: SHB Francis Shaffer
|
0-0: Foul Ball, location: 2F 0-1: Called Strike 0-2: Ball 1-2: Foul Ball, location: 2F 1-2: Ball 2-2: Strikes out looking
|
Batting: LHB Jeff Doss
|
0-0: Ball 1-0: Ball 2-0: Ball 3-0: Called Strike 3-1: Ground out U3 (Groundball, 3) Todd Smith to second
|
Batting: LHB Bill Smith
|
0-0: Foul Ball, location: 2F 0-1: Swinging Strike 0-2: Strikes out swinging
|
Bottom of the 6th over - 0 run(s), 0 hit(s), 0 error(s), 1 left on base; BlackIron 4 - Salem 4 |
TOP OF THE 7TH |
BlackIron Dragons batting - Pitching for Salem Silver Souls : LHP Francisco Nieto
|
Pitching: RHP Javier Valenzuela
|
|
Batting: RHB Gil Palmer
|
0-0: Foul Ball, location: 2F 0-1: Ball 1-1: Swinging Strike 1-2: Ball 2-2: Strikes out swinging
|
Batting: RHB Boyd Pittman
|
0-0: Foul Ball, location: 2F 0-1: Called Strike 0-2: Ball 1-2: SINGLE (Groundball, 56D)
|
Batting: RHB Leroy Jamison
|
0-0: Called Strike Boyd Pittman steals 2nd base 0-1: Foul Ball, location: 2F 0-2: Ball 1-2: Ball 2-2: SINGLE (Line Drive, 9S) Boyd Pittman to third Runner from 3rd tries for Home, SAFE, no throw or cutoff
|
Batting: LHB Culley Vaughan
|
0-0: Called Strike 0-1: Ball 1-1: Ball 2-1: Ball 3-1: DOUBLE (Line Drive, 3) Leroy Jamison to third Runner from 3rd tries for Home, SAFE, no throw or cutoff
|
Batting: LHB Donnie Cunningham
|
0-0: Ground out 3-1 (Groundball, 3) Culley Vaughan to third
|
Batting: LHB Leonard Young
|
0-0: Called Strike 0-1: Called Strike 0-2: Ball 1-2: Strikes out looking
|
Top of the 7th over - 2 run(s), 3 hit(s), 0 error(s), 1 left on base; BlackIron 6 - Salem 4 |
BOTTOM OF THE 7TH |
Salem Silver Souls batting - Pitching for BlackIron Dragons : RHP Bret McJannett
|
Pitching: RHP Eduardo Delgado
|
|
Batting: LHB Ezechiele Bruno
|
0-0: Foul Ball, location: 2F 0-1: Foul Ball, location: 2F 0-2: Strikes out looking
|
Batting: RHB Alejandro Martínez
|
0-0: Called Strike 0-1: Ball 1-1: Ball 2-1: Ball 3-1: Base on Balls
|
Batting: RHB Juan Vareas
|
0-0: Ball 1-0: Ball 2-0: DOUBLE (Flyball, 89XD) Alejandro Martínez to third
|
Batting: RHB Félix García
|
0-0: Fly out, F7 (Flyball, 78D) Runner from 3rd tags up, SCORES, no throw
|
Batting: LHB Raúl Cordero
|
0-0: Ball 1-0: Called Strike 1-1: Ball 2-1: Ground out 4-3 (Groundball, 34)
|
Bottom of the 7th over - 1 run(s), 1 hit(s), 0 error(s), 1 left on base; BlackIron 6 - Salem 5 |
TOP OF THE 8TH |
BlackIron Dragons batting - Pitching for Salem Silver Souls : RHP Javier Valenzuela
|
Batting: RHB Edgardo Carrasco
|
0-0: Ball 1-0: Called Strike 1-1: Foul Ball, location: 2F 1-2: Ball 2-2: Ball 3-2: Strikes out looking
|
Batting: RHB Alfredo Rangel
|
0-0: Fly out, F9 (Flyball, 9LD)
|
Batting: RHB Brian Jackson
|
0-0: Called Strike 0-1: Ball 1-1: Swinging Strike 1-2: Foul Ball, location: 2F 1-2: Strikes out swinging
|
Top of the 8th over - 0 run(s), 0 hit(s), 0 error(s), 0 left on base; BlackIron 6 - Salem 5 |
BOTTOM OF THE 8TH |
Salem Silver Souls batting - Pitching for BlackIron Dragons : RHP Eduardo Delgado
|
Pitching: RHP Víctor Ventura
|
|
Batting: SHB Todd Smith
|
0-0: Ball 1-0: Called Strike 1-1: Called Strike 1-2: Fly out, F9 (Flyball, 9M)
|
Batting: SHB Francis Shaffer
|
0-0: Ball 1-0: Swinging Strike 1-1: Swinging Strike 1-2: Strikes out swinging
|
Batting: LHB Jeff Doss
|
0-0: Ball 1-0: Ground out 6-3 (Groundball, 6)
|
Bottom of the 8th over - 0 run(s), 0 hit(s), 0 error(s), 0 left on base; BlackIron 6 - Salem 5 |
TOP OF THE 9TH |
BlackIron Dragons batting - Pitching for Salem Silver Souls : RHP Javier Valenzuela
|
Batting: RHB Gil Palmer
|
0-0: Hit by Pitch
|
Batting: RHB Boyd Pittman
|
0-0: Ball 1-0: Grounds into double play, 6-4-3 (Groundball, 6)
|
Batting: RHB Leroy Jamison
|
0-0: Called Strike 0-1: Ball 1-1: Ball 2-1: Ball 3-1: Foul Ball, location: 2F 3-2: Strikes out looking
|
Top of the 9th over - 0 run(s), 0 hit(s), 0 error(s), 0 left on base; BlackIron 6 - Salem 5 |
BOTTOM OF THE 9TH |
Salem Silver Souls batting - Pitching for BlackIron Dragons : RHP Víctor Ventura
|
Pitching: RHP Luis Canseco
|
|
Batting: LHB Bill Smith
|
0-0: Ball 1-0: Called Strike 1-1: SINGLE (Line Drive, 9LS)
|
Batting: LHB Ezechiele Bruno
|
0-0: Sac Bunt - play at second, runner OUT! 1-6
|
Batting: RHB Alejandro Martínez
|
0-0: Called Strike 0-1: Fly out, F8 (Flyball, 8LD)
|
Batting: RHB Juan Vareas
|
0-0: Ball 1-0: Called Strike 1-1: 2-RUN HOME RUN (Flyball, 78XD), Distance : 413 ft
|
|